 Dungeon Crawl Stone Soup version 0.22-a0-617-g6d95e9e505 (webtiles) character file.

105 Hercules1031 the Firebug (level 4, -3/30 HPs)
             Began as a Demonspawn Fire Elementalist on July 12, 2018.
             Killed by divine providence
             ... invoked by an orc priest
              (10 damage)
             ... on level 6 of the Dungeon.
             The game lasted 00:14:22 (2206 turns).

Hercules1031 the Firebug (DsFE)                     Turns: 2206, Time: 00:14:22

Health: -3/30      AC:  7    Str:  8    XL:     4   Next: 53%
Magic:  0/8        EV:  9    Int: 18    God:
Gold:   173        SH:  3    Dex: 13    Spells: 5/8 levels left

rFire    . . .     SeeInvis .   m - +0 spear
rCold    . . .     Gourm    .   f - +0 buckler
rNeg     . . .     Faith    .   k - +0 ring mail
rPois    .         Spirit   .   (no helmet)
rElec    .         Reflect  .   (no cloak)
rCorr    .         Harm     .   (no gloves)
MR       .....                  (no boots)
Stlth    +.........             (no amulet)
HPRegen  0.10/turn              n - ring of wizardry
MPRegen  0.11/turn              (no ring)

@: very slightly contaminated
A: talons 1, iridescent scales 1, spiny 1
a: no special abilities


You were on level 6 of the Dungeon.
You were not hungry.

You visited 1 branch of the dungeon, and saw 4 of its levels.

You collected 173 gold pieces.

Inventory:

Hand Weapons
 m - a +0 spear (weapon)
Armour
 a - a +0 robe
 f - a +0 buckler (worn)
 k - a +0 ring mail (worn)
Jewellery
 h - an uncursed ring of see invisible {unknown}
 n - a ring of wizardry (left hand)
Scrolls
 b - 5 scrolls of remove curse
 d - 3 scrolls of identify
 g - 2 scrolls of magic mapping {unknown}
 l - a scroll of amnesia {unknown}
Comestibles
 c - 5 rations


   Skills:
 + Level 1.1 Polearms
 + Level 1.1 Armour
 + Level 2.2 Dodging
 - Level 1.7 Stealth
 + Level 0.1 Shields
 * Level 2.9 Spellcasting
 + Level 1.7 Conjurations
 + Level 3.1 Fire Magic


You had 5 spell levels left.
You knew the following spells:

 Your Spells              Type           Power        Failure   Level  Hunger
a - Flame Tongue          Conj/Fire      ##...        12%         1    None
b - Throw Flame           Conj/Fire      ##....       17%         2    ##.....

Your spell library contained the following spells:

 Spells                   Type           Power        Failure   Level  Hunger
 Fireball                 Conj/Fire      ##........   96%         5    ######.
 Conjure Flame            Conj/Fire      ##......     32%         3    ###....
 Sticky Flame             Conj/Fire      ##......     71%         4    ####...
 Inner Flame              Hex/Fire       #.......     45%         3    ###....


Dungeon Overview and Level Annotations

Branches:
Dungeon (3/15)

Altars:
Ru


Innate Abilities, Weirdness & Mutations

You have sharp toenails.
You are partially covered in iridescent scales. (AC +2)
You are partially covered in sharp spines.


Message History

Confirm with . or Enter, or press ? or * to list all spells.
Aiming: Flame Tongue (safe; 12% risk of failure)
Press: ? - help, Shift-Dir - straight line, f - orc warrior
Aim: an orc warrior, wielding a war axe and wearing a plate armour The flame tongue hits the orc warrior.
The orc warrior appears unharmed.
The orc priest casts a cantrip, but nothing happens.
You closely miss the orc warrior. The orc warrior barely misses you.
You closely miss the orc priest. Your kick misses the orc priest.
The orc warrior hits you with a war axe.
The orc priest closely misses you.
You hit the orc priest but do no damage.
You claw the orc priest.
The orc priest is lightly wounded.
The orc warrior hits you with a war axe!
* * * LOW HITPOINT WARNING * * *
The orc priest barely misses you.
The orc warrior throws a tomahawk.
The tomahawk barely misses you.
The orc priest mumbles some strange prayers to Beogh against you.
Beogh smites you!
You die...

###################
#....................
#.............)......
#.....((((.@.o.......
#..######'###o.......
#.........#........
#.....)...#........
#.........#...#####
#.........#####
#.........#
######.........#
###..#..###......#


You could see an orc warrior and an orc priest.

Vanquished Creatures
  6 adders
  A worm (D:3)
  2 leopard geckos (D:2)
  3 orcs
  A giant cockroach (D:2)
  4 goblins
  5 hobgoblins
  3 jackals (D:2)
  A ball python (D:3)
  5 bats
  3 frilled lizards (D:2)
  5 kobolds
  3 rats
42 creatures vanquished.

Notes
Turn   | Place    | Note
-------+----------+-------------------------------------------
     0 | D:1      | Hercules1031 the Demonspawn Fire Elementalist began the quest for the Orb.
     0 | D:1      | Reached XP level 1. HP: 13/13 MP: 3/3
   688 | D:2      | Gained mutation: You have sharp toenails. [demonic ancestry]
   688 | D:2      | Reached XP level 2. HP: 9/19 MP: 0/5
   744 | D:2      | Learned a level 2 spell: Throw Flame
   847 | D:2      | Gained mutation: You are partially covered in iridescent scales. (AC +2) [demonic ancestry]
   847 | D:2      | Reached XP level 3. HP: 6/24 MP: 0/6
  1242 | D:2      | Reached skill level 3 in Fire Magic
  1554 | D:2      | Reached skill level 1 in Polearms
  1554 | D:2      | Gained mutation: You are partially covered in sharp spines. [demonic ancestry]
  1554 | D:2      | Reached XP level 4. HP: 30/30 MP: 4/8
  1792 | D:3      | Found a sacrificial altar of Ru.
  1819 | D:3      | Found a faded altar of an unknown god.
  1845 | D:3      | Reached skill level 1 in Armour
  2167 | D:3      | You fall through a shaft for 3 floors!
  2190 | D:6      | Noticed an orc warrior
  2206 | D:6      | Killed from afar by an orc priest

Vault maps used:
D:1:      erik_arrival_blinker_ship, serial_corexii_hall,
          corexii_hall_statues_l, corexii_hall_statues_deadend,
          minmay_statues_item
D:3:      chequers_ecumenical_altar_island, nicolae_ru_the_path_less_chosen
D:6:      uniq_pikel

Skill      XL: |  1  2  3  4 |
---------------+-------------+-----
Dodging        | 2 |  2.2
Fire Magic     | 3 |  3.1
Polearms       | 1 |  1.1
Armour         | 1 |  1.1
Stealth        | |  1.7
Shields        | |  0.1
Spellcasting   | |  2.9
Conjurations   | |  1.7

Action                   |  1- 3 |  4- 6 || total
-------------------------+-------+-------++-------
Melee: Unarmed           |    17 |       ||    17
       Spear             |    45 |    12 ||    57
       Kick              |     8 |     2 ||    10
 Cast: Flame Tongue      |    32 |    13 ||    45
       Throw Flame       |     6 |     8 ||    14
  Use: Scroll            |     4 |       ||     4
       Potion            |     7 |     1 ||     8
  Eat: Ration            |     2 |       ||     2
Armor: Ring mail         |    28 |     1 ||    29
       Robe              |     2 |       ||     2
Dodge: Dodged            |    59 |    13 ||    72
Block: Buckler           |     1 |     2 ||     3

Table legend:
 A = Spawn XP
 B = Non-spawn XP
 C = Spawn XP percentage of total XP
 D = Spawn monster count
 E = Non-spawn monster count
 F = Spawn count percentage of total count
 G = Total turns spent on level
                    A         B        C        D         E        F      G
               +---------+---------+-------+---------+---------+-------+---------
         Total |       0 |     150 |   0.0 |       0 |      42 |   0.0 |  2206
               +---------+---------+-------+---------+---------+-------+---------
           D:1 |       0 |       9 |   0.0 |       0 |       6 |   0.0 |   580
           D:2 |       0 |      90 |   0.0 |       0 |      24 |   0.0 |  1186
           D:3 |       0 |      45 |   0.0 |       0 |      10 |   0.0 |   401
           D:6 |       0 |       6 |   0.0 |       0 |       2 |   0.0 |    39
               +---------+---------+-------+---------+---------+-------+---------
